 Dungeon Crawl Stone Soup version 0.22.1-1-ga44c0e5 (webtiles) character file.

5344 spiff the Reanimator (level 10, 73/73 HPs)
             Began as a Demonspawn Necromancer on Aug 28, 2018.
             Was a Believer of Ashenzari.
             Quit the game on level 9 of the Dungeon on Oct 15, 2018.
             The game lasted 00:37:42 (14672 turns).

spiff the Reanimator (Demonspawn Necromancer)      Turns: 14672, Time: 00:37:43

Health: 73/73      AC:  7    Str:  8    XL:     10   Next: 38%
Magic:  19/19      EV: 14    Int: 18    God:    Ashenzari [**....]
Gold:   552        SH:  0    Dex: 16    Spells: 12/21 levels left

rFire    . . .     SeeInvis +   p - +2 mace (pain) (curse)
rCold    . . .     Gourm    .   (no shield)
rNeg     . . .     Faith    .   a - +0 robe
rPois    .         Spirit   .   (helmet unavailable)
rElec    .         Reflect  .   r - +1 cloak (curse)
rCorr    .         Harm     .   (no gloves)
MR       .....                  (no boots)
Stlth    ++........             (no amulet)
HPRegen  0.22/turn              b - ring of see invisible
MPRegen  0.16/turn              (no ring)

@: berserk cooldown, drained
A: horns 3, yellow scales 2, powered by death 1
a: Curse Item, Scrying, Renounce Religion


You were on level 9 of the Dungeon.
You worshipped Ashenzari.
Ashenzari was pleased with you.
You were very hungry.

You visited 1 branch of the dungeon, and saw 10 of its levels.

You collected 552 gold pieces.

Inventory:

Hand Weapons
 d - a +0 dagger
 f - a -2 short sword
 l - a +0 whip
 n - a cursed +0 hunting sling
 p - a cursed +2 mace of pain (weapon)
Armour
 a - a +0 robe (worn)
 r - a cursed +1 cloak (worn)
 A - a +0 pair of gloves
Jewellery
 b - a ring of see invisible (left hand)
 u - an uncursed amulet of faith
Wands
 o - a wand of polymorph (10)
Scrolls
 e - 5 scrolls of remove curse
 g - 3 scrolls of teleportation
 i - a scroll of fog
 j - 2 scrolls of magic mapping
 y - a scroll of fear
 D - a scroll of identify
Potions
 h - 2 potions of ambrosia
 k - 4 potions of brilliance
 s - a potion of cancellation
 t - a potion of flight
 v - 4 potions of curing
 w - a potion of mutation
 x - a potion of invisibility
 B - 2 potions of might {unknown}
 C - a potion of haste {unknown}
 E - 2 potions of agility {unknown}
Miscellaneous
 q - a lamp of fire (inert)
Comestibles
 c - 16 rations


   Skills:
 + Level 4.8(3.7) Fighting
 + Level 8.4(9.4) Maces & Flails
 + Level 4.8(3.7) Dodging
 - Level 1.7(0.7) Stealth
 - Level 6.0(4.8) Spellcasting
 - Level 10.0(8.8) Necromancy


You had 12 spell levels left.
You knew the following spells:

 Your Spells              Type           Power        Failure   Level  Hunger
a - Pain                  Necr           ####         1%          1    None
b - Vampiric Draining     Necr           #####.....   1%          3    ###....
e - Regeneration          Chrm/Necr      ###.......   7%          3    ###....
z - Blink                 Tloc           N/A          21%         2    #......

Your spell library contained the following spells:

 Spells                   Type           Power        Failure   Level  Hunger
 Animate Skeleton         Necr           N/A          1%          1    None
 Animate Dead             Necr           N/A          3%          4    ####...
 Confusing Touch          Hex            #.....       14%         1    None
 Flame Tongue             Conj/Fire      #....        14%         1    None
 Magic Dart               Conj           #...         14%         1    None
 Call Imp                 Summ           #.......     21%         2    #......
 Slow                     Hex            #.......     21%         2    #......
 Throw Flame              Conj/Fire      #.....       21%         2    #......
 Confuse                  Hex            #.......     38%         3    ###....
 Conjure Flame            Conj/Fire      #.......     38%         3    ###....
 Gell's Gravitas          Tloc           #.........   38%         3    ###....
 Inner Flame              Hex/Fire       #.......     38%         3    ###....
 Mephitic Cloud           Conj/Pois/Air  #.......     38%         3    ###....
 Petrify                  Tmut/Erth      #.......     80%         4    ####...
 Sticky Flame             Conj/Fire      #.......     80%         4    ####...
 Fireball                 Conj/Fire      #.........   98%         5    ######.
 Metabolic Englaciation   Hex/Ice        #.........   98%         5    ######.
 Yara's Violent Unravell  Hex/Tmut       #.........   98%         5    ######.


Dungeon Overview and Level Annotations

Branches:
Dungeon (10/15)            Temple (0/1) D:6             Orc (0/2) D:10
   Lair: D:8-11

Altars:
Ashenzari
Dithmenos
Elyvilon
Fedhas
Nemelex Xobeh
Okawaru
Ru
Trog
Vehumet
Wu Jian
Xom
Zin
The Shining One

Annotations:
D:9 !!!, Fannar


Innate Abilities, Weirdness & Mutations

You have a pair of large horns on your head.
You are mostly covered in yellow scales. (AC +3)
You regenerate a little health from kills.


Message History

You climb upwards.
There is a stone staircase leading down, spattered with blood here.
Done exploring.
Done exploring.
Done exploring.
Done exploring.
Done exploring.
Done exploring.
Done exploring.
Things that are here:
an uncursed robe; a +0 morningstar HP restored.
You feel yourself speed up.
There is a stone staircase leading down here.
Quiver which item? (- for none, * to show all) (? for menu, Esc to quit)
Okay, then.
Okay, then.
Quiver which item? (- for none, * to show all) (? for menu, Esc to quit)
Okay, then.
Are you sure you want to abandon this character and quit the game? (Confirm

#.#.....###.#####.....|..#
#.#...#.# #........#######
#.......# ########.# #.##.##.#
#.# #.##.##.###### ##.#
#....##......# ##..#
#.#####......###...## #####
#.#####......##.....###....
####.........@.......(.(((....
#.......##......##.......#..(.
#.##.##.##......##....#..#####
#.##.##.##########.#.##..#
#.##..#.# #.####..# #.###.#.#
#.####..# #.......# #.......#
#####.### ### ######.## #.#
##.## #.######


There were no monsters in sight!

Vanquished Creatures
  A two-headed ogre (D:9)
  A hippogriff (D:10)
  A spriggan (D:7)
  Eustachio (D:5)
  3 yaks (D:9)
  A water moccasin (D:5)
  7 orc warriors
  A black bear (D:8)
  3 ice beasts
  A hornet zombie (D:8)
  A phantom (D:9)
  3 ogres
  2 centaurs
  3 bullfrogs
  3 scorpions
  A water moccasin skeleton (D:8)
  4 wights
  4 electric eels (D:5)
  2 howler monkeys
  3 crimson imps
  A quasit (D:8)
  2 jellies
  6 orc priests
  5 hounds
  2 iguanas
  11 orc wizards
  2 worker ants
  A killer bee zombie (D:7)
  A hound skeleton (D:8)
  Robin (D:3)
  13 adders
  A shadow imp (D:6)
  An ooze (D:3)
  3 adder skeletons
  4 worms
  A dart slug (D:2)
  4 leopard geckos
  51 orcs
  18 giant cockroaches
  15 goblins
  8 hobgoblins
  2 jackals (D:2)
  4 kobolds
  2 quokkas
  2 ball pythons
  3 bats
  6 frilled lizards
  A quokka skeleton (D:6)
  4 rats
221 creatures vanquished.

Vanquished Creatures (others)
  A plant (D:5)
1 creature vanquished.

Grand Total: 222 creatures vanquished

Notes
Turn   | Place    | Note
-------+----------+-------------------------------------------
     0 | D:1      | spiff the Demonspawn Necromancer began the quest for the
                  | Orb.
     0 | D:1      | Reached XP level 1. HP: 13/13 MP: 3/3
   363 | D:1      | Gained mutation: You are partially covered in yellow
                  | scales. (AC +2) [demonic ancestry]
   363 | D:1      | Reached XP level 2. HP: 18/19 MP: 1/5
  1013 | D:2      | Found an ornate altar of the Wu Jian Council.
  1059 | D:2      | Reached skill level 5 in Necromancy
  1059 | D:2      | Reached XP level 3. HP: 18/24 MP: 0/7
  2063 | D:2      | Gained mutation: You have a pair of small horns on your
                  | head. [demonic ancestry]
  2063 | D:2      | Reached XP level 4. HP: 21/30 MP: 2/8
  2259 | D:2      | Learned a level 3 spell: Vampiric Draining
  2663 | D:3      | Noticed Robin
  2710 | D:3      | Gained mutation: You regenerate a little health from kills.
                  | [demonic ancestry]
  2710 | D:3      | Reached XP level 5. HP: 31/35 MP: 5/10
  2849 | D:3      | Killed Robin
  2931 | D:3      | Reached skill level 6 in Necromancy
  3691 | D:4      | Found a white marble altar of Elyvilon.
  3756 | D:4      | Found an iron altar of Okawaru.
  3756 | D:4      | Found a shattered altar of Ashenzari.
  3756 | D:4      | Found a shimmering altar of Xom.
  3756 | D:4      | Found a blossoming altar of Fedhas.
  3766 | D:4      | Became a worshipper of Ashenzari the Shackled
  3929 | D:4      | Reached XP level 6. HP: 30/41 MP: 12/12
  4024 | D:4      | Learned a level 3 spell: Regeneration
  4027 | D:4      | Learned a level 2 spell: Blink
  4034 | D:4      | Reached skill level 1 in Maces & Flails
  4610 | D:5      | Entered Level 5 of the Dungeon
  4796 | D:5      | Noticed an ice beast
  4931 | D:5      | Reached XP level 7. HP: 45/46 MP: 2/14
  5018 | D:5      | Noticed Eustachio
  5207 | D:5      | Killed Eustachio
  5207 | D:5      | Reached skill level 5 in Spellcasting
  5207 | D:5      | Reached skill level 7 in Necromancy
  5347 | D:5      | Found a shadowy altar of Dithmenos.
  5388 | D:5      | Found a transporter.
  5700 | D:5      | Reached * piety under Ashenzari
  6220 | D:5      | Found a transporter.
  6244 | D:5      | Gained mutation: You are mostly covered in yellow scales.
                  | (AC +3) [demonic ancestry]
  6244 | D:5      | Reached XP level 8. HP: 28/52 MP: 8/16
  6573 | D:5      | Reached skill level 8 in Necromancy
  7616 | D:6      | Found a staircase to the Ecumenical Temple.
  8167 | D:7      | Reached skill level 5 in Maces & Flails
  8296 | D:7      | Reached skill level 9 in Necromancy
  8646 | D:7      | Found a glowing silver altar of Zin.
  8698 | D:7      | Found a radiant altar of Vehumet.
  8790 | D:7      | Gained mutation: You have a pair of horns on your head.
                  | [demonic ancestry]
  8790 | D:7      | Reached XP level 9. HP: 46/57 MP: 16/18
  9021 | D:8      | Reached ** piety under Ashenzari
  9885 | D:8      | Found a sacrificial altar of Ru.
 10022 | D:8      | Reached skill level 10 in Necromancy
 10311 | D:9      | Noticed a two-headed ogre
 10649 | D:9      | Found a glowing golden altar of the Shining One.
 10654 | D:9      | Found a radiant altar of Vehumet.
 10654 | D:9      | Found a sparkling altar of Nemelex Xobeh.
 10655 | D:9      | Found a bloodstained altar of Trog.
 10659 | D:9      | Found a shadowy altar of Dithmenos.
 11055 | D:9      | Reached skill level 1 in Fighting
 11698 | D:9      | HP: 3/62 [two-headed ogre/giant club (18)]
 12443 | D:10     | Entered Level 10 of the Dungeon
 12585 | D:10     | Noticed Fannar
 12635 | D:9      | HP: 2/62 [orc warrior/halberd (17)]
 12791 | D:9      | Killed a two-headed ogre
 12791 | D:9      | Gained mutation: You have a pair of large horns on your
                  | head. [demonic ancestry]
 12791 | D:9      | Reached XP level 10. HP: 32/70 MP: 6/19
 14142 | D:10     | Found a staircase to the Orcish Mines.
 14660 | D:10     | Upgraded the game from 0.22.0-38-g04b72b8 to
                  | 0.22.1-1-ga44c0e5
 14672 | D:9      | Quit the game

Skill      XL: |  1  2  3  4  5  6  7  8  9 10 |
---------------+-------------------------------+-----
Necromancy     | 5 6 7 9 10 | 10.0
Spellcasting   | 3 4 5 6 |  6.0
Maces & Flails | 2 3 5 7 8 |  8.4
Dodging        | 3 4 |  4.8
Fighting       | 3 4 |  4.8
Stealth        | |  1.7

Action                   |  1- 3 |  4- 6 |  7- 9 | 10-12 || total
-------------------------+-------+-------+-------+-------++-------
Melee: Dagger            |     5 |       |       |       ||     5
       Whip              |     3 |       |       |       ||     3
       Short sword       |     6 |    24 |       |       ||    30
       Mace              |       |    31 |   250 |   122 ||   403
       Headbutt          |       |     6 |    42 |    12 ||    60
 Cast: Pain              |    57 |   115 |   125 |    33 ||   330
       Vampiric Draining |       |     9 |    20 |     7 ||    36
       Regeneration      |       |     1 |     7 |     6 ||    14
       Blink             |       |       |     1 |       ||     1
Invok: Curse Item        |       |     1 |     1 |       ||     2
Evoke: Wand              |       |       |     7 |       ||     7
       Lamp of fire      |       |       |     1 |       ||     1
  Use: Scroll            |     1 |     7 |    11 |     4 ||    23
       Potion            |       |       |       |     1 ||     1
 Stab: Sleeping          |     1 |     1 |     3 |       ||     5
  Eat: Chunk             |     4 |     9 |    18 |     7 ||    38
       Ration            |       |       |     2 |       ||     2
Armor: Robe              |    23 |    33 |    95 |    26 ||   177
Dodge: Dodged            |    34 |    53 |   205 |    93 ||   385
